 Dungeon Crawl Stone Soup version 0.31-a0-200-gbc41564c69 (webtiles) character file.

Game seed: 920725973732935367

4290 hurrrdurrr the Cleaver (level 10, -4/86 HPs)
             Began as a Minotaur Berserker on June 26, 2023.
             Was an Elder of Trog.
             Killed from afar by an electric eel (7 damage)
             ... with a bolt of electricity
             ... on level 8 of the Dungeon.
             The game lasted 01:07:13 (7307 turns).

hurrrdurrr the Cleaver (Minotaur Berserker)         Turns: 7307, Time: 01:07:14

Health: -4/86      AC: 11    Str: 27    XL:     10   Next: 11%
Magic:  9/9        EV: 12    Int: 16    God:    Trog [****..]
Gold:   212        SH:  0    Dex: 12    Spells: 9/9 levels left

rFire   . . .        K - +5 trident of Termination {flame, rCorr Dex+3 SInv}
rCold   . . .        (no shield)
rNeg    . . .        n - +1 scale mail {rPois}
rPois   +            (helmet restricted)
rElec   .            h - +0 cloak
rCorr   +            (no gloves)
SInv    +            D - +0 pair of boots
Will    .....        (no amulet) Stlth
                     F - +6 ring of intelligence
HPRegen 0.34/turn    z - +6 ring of intelligence
MPRegen 0.11/turn

%: no passive effects
@: studying Maces & Flails
A: horns 2, retaliatory headbutt
a: Renounce Religion, Berserk, Trog's Hand, Brothers in Arms


You were on level 8 of the Dungeon.
You worshipped Trog.
Trog was greatly pleased with you.
You visited 2 branches of the dungeon, and saw 9 of its levels.

You collected 433 gold pieces.
You spent 221 gold pieces at shops.

Inventory:

Hand Weapons
 a - a +2 mace
 b - a +3 quarterstaff of chaos
 i - a +1 short sword
 j - a +0 whip
 m - a +1 flail of protection
 s - a +1 short sword
 y - a +2 antimagic mace
 C - a +0 long sword of flaming
 K - the +5 trident of Termination (weapon) {flame, rCorr Dex+3 SInv}
   (You bought it in a shop on level 5 of the Dungeon)

   Dex:       It affects your dexterity (+3).
   SInv:      It lets you see invisible.
   rCorr:     It protects you from acid and corrosion.
 L - a +0 dagger of venom
 S - the +1 trident "Qaploafu" {freeze, Dex+2 SInv}
   (You found it on level 7 of the Dungeon)

   Dex:       It affects your dexterity (+2).
   SInv:      It lets you see invisible.
 T - a +0 war axe of freezing
 W - a +1 hand axe of freezing
 Y - a +1 heavy falchion
Missiles
 e - 10 poisoned darts (quivered)
 x - a throwing net
 X - 3 curare-tipped darts
Armour
 h - a +0 cloak (worn)
 n - a +1 scale mail of poison resistance (worn)
 D - a +0 pair of boots (worn)
 I - a +1 robe of resistance
 M - a +3 chain mail
 O - +0 steam dragon scales
Jewellery
 z - a +6 ring of intelligence (right hand)
 F - a +6 ring of intelligence (left hand)
Wands
 c - a wand of acid (18)
 f - a wand of charming (2)
 o - a wand of roots (8)
Scrolls
 g - a scroll of enchant armour {unknown}
 l - 3 scrolls of fog {unknown}
 p - 3 scrolls of blinking {unknown}
 u - a scroll of enchant weapon {unknown}
 w - a scroll of amnesia {unknown}
 A - a scroll of silence {unknown}
 E - 8 scrolls of identify {unknown}
 G - a scroll of revelation {unknown}
 R - a scroll of teleportation {unknown}
 V - a scroll of fear {unknown}
Potions
 d - a potion of attraction {unknown}
 k - a potion of ambrosia {unknown}
 q - 3 potions of curing {unknown}
 r - a potion of heal wounds {unknown}
 B - a potion of haste
 P - 3 potions of might {unknown}
 Q - a potion of enlightenment {unknown}
 U - a potion of mutation {unknown}


   Skills:
 + Level 7.0 Fighting
 - Level 10.3(12.2) Axes
 * Level 10.3(12.1) Polearms
 + Level 7.7 Armour
 + Level 4.4 Dodging
 - Level 0.1 Stealth


You had 9 spell levels left.
You didn't know any spells.
Your spell library contained the following spells:

 Spells                   Type           Power      Damage    Failure   Level
 Magic Dart               Conj           0%         1d3       45%         1
 Necrotise                Necr           0%         1d4       45%         1
 Lesser Beckoning         Tloc           0%         N/A       58%         2
 Searing Ray              Conj           0%         2d4       58%         2
 Sublimation of Blood     Necr           0%         N/A       58%         2
 Gell's Gravitas          Tloc           0%         N/A       83%         3
 Teleport Other           Tloc           0%         N/A       83%         3
 Vampiric Draining        Necr           0%         2d6       83%         3
 Fulminant Prism          Conj/Hex       0%         3d5       99%         4
 Petrify                  Tmut/Erth      0%         N/A       99%         4
 Agony                    Necr           0%         N/A       100%        5
 Irradiate                Conj/Tmut      0%         3d11      100%        5
 Summon Forest            Summ/Tloc      0%         N/A       100%        5
 Eringya's Noxious Bog    Tmut/Pois      0%         N/A       100%        6
 Summon Hydra             Summ           0%         N/A       100%        7


Dungeon Overview and Level Annotations

Branches:
Dungeon (8/15)             Temple (1/1) D:4
   Lair: D:8-11

Altars:
Ashenzari
Cheibriados
Dithmenos
Elyvilon
Fedhas
Gozag
Kikubaaqudgha
Makhleb
Nemelex Xobeh
Okawaru
Qazlal
Ru
Trog
Uskayaw
Vehumet
Wu Jian
Xom
Yredelemnul
Zin
The Shining One

Shops:
D:2 (   D:5 *


Innate Abilities, Weirdness & Mutations

You have a pair of horns on your head.
You reflexively headbutt those who attack you in melee.


Message History

HP restored.
You now have 212 gold pieces (gained 11).
An electric eel comes into view.
The electric eel shoots out a bolt of lightning at you!
The bolt of electricity hits you!
An electric eel comes into view.
The electric eel shoots out a bolt of lightning at you!
The bolt of electricity hits you!
An electric eel comes into view.
Found 4 atropa-tipped darts.
An electric eel comes into view.
The electric eel shoots out a bolt of lightning at you!
The bolt of electricity hits the plant!
The plant begins to die.
The bolt of electricity hits you.
The electric eel shoots out a bolt of lightning at you!
The bolt of electricity hits the plant!
The plant begins to die.
The bolt of electricity hits you!
The electric eel shoots out a bolt of lightning at you!
The bolt of electricity misses the electric eel.
The bolt of electricity hits you!
The electric eel shoots out a bolt of lightning at you!
The bolt of electricity hits the plant!
The bolt of electricity hits you!
The electric eel shoots out a bolt of lightning at you!
The bolt of electricity hits the electric eel.
The electric eel completely resists.
The bolt of electricity hits you!
The electric eel shoots out a bolt of lightning at you!
The bolt of electricity hits you!
* * * LOW HITPOINT WARNING * * *
The electric eel shoots out a bolt of lightning at you!
The bolt of electricity misses the electric eel.
The bolt of electricity hits you.
* * * LOW HITPOINT WARNING * * *
The bolt of electricity hits you!
* * * LOW HITPOINT WARNING * * *
The electric eel shoots out a bolt of lightning at you!
The bolt of electricity hits the electric eel.
The electric eel completely resists.
The bolt of electricity misses you.
The electric eel shoots out a bolt of lightning at you!
The bolt of electricity hits you!
You die...

~P~.~~♣~#....
♣♣♣~~~.~P♣♣#....
#~♣PS~.~~ ♣<....
###.♣~~~(~~♣###...
#....~S~.~♣♣......
#...S~~.P♣♣......
#...♣~~.~♣~......
###..~P~~.P♣~###... #
#.@..S~~~.~P ♣#....
#.##....~~~~.~~ ♣....#
#.......♣~~~.PP~~#....
####....~~~~.~~~~.....
##.###~~~.~P~♣.....
#..# #~P.PP♣......
#..# ##~.~P.....#
###..# #.........#
#...### #........# ##


You could see 4 electric eels.

Vanquished Creatures
  Maggie (D:6)
  6 yaks
  A steam dragon (D:8)
  An acid dragon (D:5)
  A water moccasin (D:8)
  3 sky beasts
  An orc warrior (D:4)
  2 black bears
  2 ice beasts
  An ogre (D:6)
  A phantom (D:4)
  A kobold brigand (D:8)
  3 bullfrogs
  2 scorpions
  5 wights
  5 killer bees (D:8)
  A howler monkey (D:6)
  2 lava snakes (D:7)
  A jelly (D:6)
  Crazy Yiuf (D:5)
  2 gnoll boudas
  6 hounds
  3 orc priests
  Natasha (thrice) (D:3)
  4 orc wizards
  2 iguanas
  Terence (D:3)
  8 adders
  10 gnolls
  3 shadow imps (D:5)
  2 white imps (D:6)
  An ufetubus (D:6)
  4 worms
  A dart slug (D:4)
  16 orcs
  3 ball pythons
  6 endoplasms
  2 giant cockroaches
  11 hobgoblins
  2 jackals (D:2)
  10 kobolds
  4 bats
  5 frilled lizards
  11 goblins
  8 rats (D:1)
169 creatures vanquished.

Notes
Turn   | Place    | Note
-------+----------+-------------------------------------------
     0 | D:1      | hurrrdurrr the Minotaur Berserker began the quest for the
                  | Orb.
     0 | D:1      | Reached XP level 1. HP: 19/19 MP: 0/0
   144 | D:1      | Reached XP level 2. HP: 27/27 MP: 1/1
   294 | D:1      | Reached ** piety under Trog
   297 | D:1      | Reached XP level 3. HP: 21/33 MP: 2/2
   939 | D:2      | Found an ancient bone altar of Kikubaaqudgha.
   984 | D:2      | Found Larisch's Weapon Emporium.
  1073 | D:2      | Reached skill level 5 in Axes
  1171 | D:2      | Reached XP level 4. HP: 29/40 MP: 3/3
  1649 | D:3      | Noticed Natasha
  1660 | D:3      | Killed Natasha
  1935 | D:3      | Noticed Terence
  1944 | D:3      | Killed Terence
  1987 | D:3      | Noticed Natasha
  1995 | D:3      | Killed Natasha
  1996 | D:3      | Reached XP level 5. HP: 40/47 MP: 4/4
  2254 | D:3      | Noticed Natasha
  2257 | D:3      | Killed Natasha
  2380 | D:4      | Found a blossoming altar of Fedhas.
  2441 | D:4      | Noticed a black bear
  2447 | D:4      | Killed a black bear
  2448 | D:4      | Reached XP level 6. HP: 20/53 MP: 5/5
  2642 | D:4      | Noticed an orc warrior
  2649 | D:4      | Killed an orc warrior
  2755 | D:4      | Reached *** piety under Trog
  2857 | D:4      | Reached XP level 7. HP: 60/60 MP: 6/6
  3051 | D:4      | Reached skill level 5 in Fighting
  3304 | D:4      | Found a staircase to the Ecumenical Temple.
  3376 | Temple   | Entered the Ecumenical Temple
  3716 | D:5      | Entered Level 5 of the Dungeon
  4029 | D:5      | Noticed a yak
  4054 | D:5      | Killed a yak
  4055 | D:5      | Reached skill level 10 in Axes
  4055 | D:5      | Reached XP level 8. HP: 68/68 MP: 7/7
  4115 | D:5      | Found Tahis's Assorted Antiques.
  4174 | D:5      | Bought a warped trident for 221 gold pieces
  4174 | D:5      | Identified the +5 trident of Termination {flame, rCorr
                  | Dex+3 SInv} (You bought it in a shop on level 5 of the
                  | Dungeon)
  4260 | D:5      | Reached skill level 5 in Armour
  4344 | D:5      | Reached skill level 1 in Polearms
  4494 | D:5      | Found a runed translucent door.
  4495 | D:5      | Noticed Crazy Yiuf
  4514 | D:5      | Killed Crazy Yiuf
  4594 | D:6      | Reached **** piety under Trog
  4845 | D:6      | Reached skill level 5 in Polearms
  5033 | D:6      | Noticed Maggie
  5057 | D:6      | Killed Maggie
  5058 | D:6      | Reached XP level 9. HP: 8/75 MP: 8/8
  5436 | D:7      | Identified the +1 trident "Qaploafu" {freeze, Dex+2 SInv}
  5687 | D:7      | Found a white marble altar of Elyvilon.
  6784 | D:8      | Found a bloodstained altar of Trog.
  6789 | D:8      | Found a hide-covered altar of Uskayaw.
  6795 | D:8      | Found a sparkling altar of Nemelex Xobeh.
  6796 | D:8      | Found a shadowy altar of Dithmenos.
  6837 | D:8      | Found an ancient bone altar of Kikubaaqudgha.
  6955 | D:8      | Reached XP level 10. HP: 84/84 MP: 9/9
  6964 | D:8      | Reached skill level 10 in Polearms
  7306 | D:8      | HP: 2/86 [electric eel/bolt of electricity (12)]
  7307 | D:8      | Killed from afar by an electric eel

Illustrated notes

Levels and vault maps discovered:
D:1:      lightli_arrival_chessboard, layout_rooms, eino_curves_04,
          chequers_serial_rivers_small_a, hangedman_feature_mirror,
          nicolae_grassy_gnolls
D:2:      layout_basic, basic_altar, serial_shops, shop, nicolae_the_louvre
D:3:      layout_basic, minivault_4, uniq_natasha, uniq_terence
D:4:      layout_basic, fedhas_ov_isle_minmay, lemuel_temple_firewalk_b
D:5:      layout_loops_ring, serial_shops, shop, minmay_manual_mail,
          uniq_crazy_yiuf_cottage
D:6:      layout_basic, hangedman_decor_riveting, uniq_maggie
D:7:      layout_basic, elyvilon_altar_1, kennysheep_dice
D:8:      layout_cave_pools, nicolae_overflow_hallway_of_the_gods,
          serial_bayou_lagoon_b
Temple:   oiseaux_autumnal_temple

Skill      XL: |  1  2  3  4  5  6  7  8  9 10 |
---------------+-------------------------------+-----
Fighting       | 4 5 6 7 |  7.0
Axes           | 4 5 6 7 8 10 | 10.3
Armour         | 3 4 6 7 |  7.7
Dodging        | 3 4 |  4.4
Polearms       | 6 9 10 | 10.3
Stealth        | |  0.1

Action                     |  1- 3 |  4- 6 |  7- 9 | 10-12 || total
---------------------------+-------+-------+-------+-------++-------
  Melee: Hand axe          |    93 |    39 |       |       ||   132
         Headbutt          |    10 |    15 |    60 |     2 ||    87
         War axe           |       |    40 |    92 |       ||   132
         Punch             |       |     1 |     4 |       ||     5
         Trident           |       |       |   172 |    20 ||   192
  Throw: Dart              |       |     1 |       |       ||     1
 Invoke: Berserk           |       |     2 |     3 |       ||     5
         Trog's Hand       |       |       |     1 |       ||     1
 Armour: Animal skin       |     3 |       |       |       ||     3
         Chain mail        |     6 |    39 |    75 |       ||   120
         Scale mail        |     2 |       |    35 |    13 ||    50
  Dodge: Dodged            |    46 |    30 |    86 |    12 ||   174

Table legend: (Time is in decaauts)
 A = Elapsed time spent in this place.
 B = Non-inter-level travel time spent in this place.
 C = Inter-level travel time spent in this place.
 D = Time resting spent in this place.
 E = Time spent auto-exploring this place.
 F = Levels seen in this place.
 G = Mean time per level.
                   A        B        C        D        E       F      G
               +--------+--------+--------+--------+--------+-----+--------+
         Total |   7352 |   7103 |    249 |   1240 |   4048 |   9 |  816.9 |
       Dungeon |   7036 |   6822 |    214 |   1240 |   3782 |   8 |  879.5 |
        Temple |    315 |    281 |     34 |      0 |    266 |   1 |  315.0 |
               +--------+--------+--------+--------+--------+-----+--------+

Top non-repeatable levels by time:
     D:2: 1067 daAuts
     D:4: 1058 daAuts
     D:7: 1052 daAuts
     D:5: 877 daAuts
     D:8: 854 daAuts
     D:6: 805 daAuts
     D:3: 732 daAuts
     D:1: 586 daAuts
  Temple: 315 daAuts
